 Dungeon Crawl Stone Soup version 0.31-a0-1104-g3bd3108e02 (webtiles) character file.

Game seed: 11848133434281401367

25 Flugkiller the Insei (level 3, -1/24 HPs)
             Began as an Octopode Shapeshifter on Dec 3, 2023.
             Was an Initiate of Ashenzari.
             Killed from afar by Natasha (5 damage)
             ... with a magic dart
             ... on level 2 of the Dungeon.
             The game lasted 00:02:19 (1042 turns).

Flugkiller the Insei (Octopode Shapeshifter)        Turns: 1042, Time: 00:02:19

Health: -1/24      AC:  1    Str: 13    XL:     3   Next: 4%
Magic:  3/3        EV: 13    Int: 12    God:    Ashenzari [......]
Gold:   61         SH:  0    Dex: 19    Spells: 2/2 levels left

rFire   . .          .
                       - Unarmed
rCold   . . .        (no shield)
rNeg    . . .        (helmet currently unavailable)
rPois   .            (no amulet)
rElec   .            l - ring "Ruined Shame" {Dex+6, Elem, Fort} (curse)
rCorr   .            (no ring)
SInv    .            (no ring)
Will    .....        (no ring)
Stlth   +++          (no ring)
HPRegen 0.24/turn    (no ring)
MPRegen 0.08/turn    (no ring)
                     (no ring)

%: no passive effects
@: beast-form
A: beast (slay +1), almost no armour, amphibious, 8 rings, camouflage 1,
gelatinous body 1, (nimble swimmer 1), tentacles
a: Begin Untransformation, Renounce Religion, Shatter the Chains


You were on level 2 of the Dungeon.
You worshipped Ashenzari.
Ashenzari was noncommittal.
You were a hulking beast.
You visited 1 branch of the dungeon, and saw 2 of its levels.

You collected 61 gold pieces.

Inventory:

Hand Weapons
 g - a +0 short sword
   (You found it on level 1 of the Dungeon)
Missiles
 j - 4 javelins
Jewellery
 l - the cursed ring "Ruined Shame" (left tentacle) {Dex+6, Elem, Fort}
   (You found it on level 1 of the Dungeon)

   [ring of dexterity]

   Dex+6:     It affects your dexterity (+6).
   It has a curse which improves the following skills: Elements: Fire Magic, Ice
   Magic, Air Magic and Earth Magic.
   Fortitude: Shields.
Talismans
 b - a beast talisman
 c - a flux talisman
Scrolls
 f - a scroll of fog {unknown}
 h - a scroll of fear {unknown}
 i - a scroll of identify {unknown}
 k - a scroll of immolation {unknown}
Potions
 a - a potion of lignification
 d - a potion of might {unknown}
 e - a potion of mutation {unknown}


   Skills:
 - Level 2.0 Fighting
 + Level 2.0 Dodging
 - Level 2.0 Stealth
 + Level 3.3 Unarmed Combat
 - Level 3.0 Shapeshifting


You had 2 spell levels left.
You didn't know any spells.
Your spell library was empty.

Dungeon Overview and Level Annotations

Branches:
Dungeon (2/15) Zot: 10955

Altars:
Ashenzari

Annotations:
D:1 exclusions: dart slug and kobold
D:2 exclusion: upstairs, Natasha, Sigmund, Terence


Innate Abilities, Weirdness & Mutations

You are a hulking beast.
Your limbs bulge with bestial killing power. (Slay +1)
You cannot wear most types of armour.
You are amphibious.
You can wear up to eight rings at the same time.
Your skin changes colour to match your surroundings (Stealth+).
Your rubbery body absorbs attacks. (AC +1, EV +1)
((You are camouflaged when in or above water. (Stealth+)))
You have tentacles for arms and can constrict up to eight enemies at once.


Message History

There is a stone staircase leading up here.
You climb upwards.
Level annotation: exclusions: dart slug and kobold
There is a stone staircase leading down here.
You aren't carrying any pieces of jewellery.
Unknown command.
Ashenzari invites you to partake of a vision and a curse of elements and fortitude.
You aren't carrying any pieces of jewellery.
Unknown command.
The kobold shouts!
The kobold throws a stone.
The stone completely misses you.
You see here a +6 ring of dexterity.
l - a +6 ring of dexterity The kobold throws a stone.
The stone hits you but does no damage.
The kobold throws a stone.
The stone hits you.
There is a stone staircase leading down here.
You can't go down here!
There is a stone staircase leading down here.
You climb downwards.
Level annotation: Terence
There is a stone staircase leading up here.
You feel agile.
l - a +6 ring of dexterity (left tentacle)
Your +6 ring of dexterity glows black for a moment.
Unknown command.
A worm comes into view.
Found a stone staircase leading down.
An adder comes into view.
The adder hisses angrily.
A worm comes into view.
You closely miss the adder. Your grab misses the adder.
Your squeeze misses the adder. The adder barely misses you.
You tentacle-slap the adder. Your grab misses the adder.
The adder is lightly wounded.
The adder bites you.
You are poisoned.
The adder poisons you!
You miss the adder. Your grab misses the adder.
The adder is lightly wounded.
You feel sick. The adder bites you. The adder closely misses you.
You tentacle-slap the adder. You grab the adder. You squeeze the adder.
You kill the adder!
You feel sick.
Training target 2.0 for Fighting reached!
Your Fighting skill increases to level 2!
You need to enable at least one skill for training.
You have reached level 3!
Your experience leads to an increase in your attributes!
Your base attributes are Str 13, Int 12, Dex 11.
Increase (S)trength, (I)ntelligence, or (D)exterity?
You feel agile. x2
You feel sick.
You feel sick.
You feel sick.
You are no longer poisoned.
Okay, then.
Okay, then.
There is a stone staircase leading up here.
You start resting.
A worm is nearby!
Unknown command.
You start resting.
HP restored.
There is a stone staircase leading up here.
Found a stone staircase leading down.
There is a stone staircase leading down here.
Sigmund the Dreaded comes into view.
He is wielding a +0 scythe.
Press: ? - help, . - travel You can't see that place. [the floor.] Placed new exclusion.
A worm is nearby!
Unknown command.
You open the door.
There is an open door here.
You open the door.
There is an open door here.
An adder comes into view.
Natasha, Servant of Life and Death comes into view.
Natasha hisses angrily.
Natasha casts a spell at you. The magic dart hits you. Natasha claws you.
You tentacle-slap Natasha but do no damage.
Your grab misses Natasha. Natasha claws you!
You are too injured to fight recklessly!
You tentacle-slap Natasha. Your grab misses Natasha.
Natasha is moderately wounded.
Natasha stares at you and mumbles some strange words.
The magic dart hits you.
* * * LOW HITPOINT WARNING * * *
You closely miss Natasha. You grab Natasha.
Natasha is moderately wounded.
You constrict Natasha.
Natasha mumbles some strange words.
You feel disoriented.
Natasha stares at you and mumbles some strange words.
The magic dart hits you.
You die...
Natasha begins licking her fur clean.

. # .S. ########## #
.....#####........# #
#........h.......#####
#...######h......+...#
...#... #.......#...##
.....#
#####.......##...###
.....#.
#............'...'.#
.......
...###........#####.#
..#.... #
#........###...#
.....##
#...######....##
......# #.###
##..#.### ....... ##.#
###..##>..# #


You could see Natasha.

Vanquished Creatures
  An adder (D:2)
  A bat (D:1)
  An endoplasm (D:1)
  2 goblins (D:1)
  A hobgoblin (D:1)
  2 kobolds (D:1)
  A quokka (D:1)
  3 ball pythons (D:1)
  3 rats (D:1)
15 creatures vanquished.

Notes
Turn   | Place    | Note
-------+----------+-------------------------------------------
     0 | D:1      | Flugkiller the Octopode Shapeshifter began the quest for
                  | the Orb.
     0 | D:1      | Reached XP level 1. HP: 13/13 MP: 1/1
   164 | D:1      | Reached skill level 1 in Stealth
   297 | D:1      | Reached XP level 2. HP: 16/18 MP: 2/2
   671 | D:2      | Noticed Terence
   727 | D:2      | Found a faded altar of an unknown god.
   845 | D:2      | Prayed at the altar of an unknown god.
   845 | D:2      | Became a worshipper of Ashenzari the Shackled
   921 | D:2      | Reached XP level 3. HP: 15/24 MP: 3/3
   997 | D:2      | Noticed Sigmund
  1031 | D:2      | Noticed Natasha
  1042 | D:2      | Killed from afar by Natasha

Illustrated notes

Levels and vault maps discovered:
D:1:      ebering_trefoil_twist, layout_basic
D:2:      layout_rooms, nicolae_ecumenical_oubliette,
          hangedman_decor_peaks_small, kennysheep_nondescript, st_stairs_3,
          minmay_strange_pillars, uniq_terence, uniq_sigmund, uniq_natasha

Skill      XL: |  1  2 |
---------------+-------+-----
Stealth        | 2 |  2.0
Fighting       | 2 |  2.0
Dodging        | |  2.0
Unarmed Combat | |  3.3
Shapeshifting  | |  3.0

Action                     || total
---------------------------++-------
  Melee: Unarmed           ||    31
         Constrict         ||     9
         Tentacles         ||     4
 Invoke: Curse Item        ||     1
   Stab: Sleeping          ||     3
 Armour: Skin              ||    13
  Dodge: Dodged            ||    20

Table legend: (Time is in decaauts)
 A = Elapsed time spent in this place.
 B = Non-inter-level travel time spent in this place.
 C = Inter-level travel time spent in this place.
 D = Time resting spent in this place.
 E = Time spent auto-exploring this place.
 F = Levels seen in this place.
 G = Mean time per level.
                   A        B        C        D        E       F      G
               +--------+--------+--------+--------+--------+-----+--------+
         Total |   1043 |    869 |    174 |    107 |    453 |   2 |  521.5 |
       Dungeon |   1043 |    869 |    174 |    107 |    453 |   2 |  521.5 |
               +--------+--------+--------+--------+--------+-----+--------+

Top non-repeatable levels by time:
     D:1: 821 daAuts
     D:2: 222 daAuts
